 Dungeon Crawl Stone Soup version 0.27-a0-732-ga892ba84f6 (webtiles) character file.

Game seed: 18063515579844322380

32 Darkuwa the Firebug (level 3, 0/19 HPs)
             Began as a Gargoyle Fire Elementalist on Mar 23, 2021.
             Slain by a hobgoblin (2 damage)
             ... on level 2 of the Dungeon.
             The game lasted 00:03:35 (1613 turns).

Darkuwa the Firebug (Gargoyle Fire Elementalist)    Turns: 1613, Time: 00:03:36

Health: 0/19       AC:  5    Str: 11    XL:     3   Next: 27%
Magic:  0/6        EV:  9    Int: 16    God:
Gold:   66         SH:  0    Dex: 10    Spells: 5/6 levels left

rFire    + . .     SeeInvis .   (no weapon)
rCold    . . .     Faith    .   (no shield)
rNeg     + . .     Spirit   .   a - +0 robe
rPois    ∞         Reflect  .   (no helmet)
rElec    +         Harm     .   (no cloak)
rCorr    .         Rampage  .   (no gloves)
Will     .....                  (no boots)
Stlth    ++........             (no amulet)
HPRegen  0.06/turn              b - ring of wizardry
MPRegen  0.10/turn              h - ring of protection from fire

@: very slightly contaminated, constricted
A: AC +3, negative energy resistance 1, electricity resistance, torment
resistance 1, unbreathing 1, petrification resistance
a: no special abilities


You were on level 2 of the Dungeon.
You visited 1 branch of the dungeon, and saw 2 of its levels.

You collected 66 gold pieces.

Inventory:

Armour
 a - a +0 robe (worn)
Magical Staves
 i - a staff of cold
Jewellery
 b - a ring of wizardry (right hand)
 h - a ring of protection from fire (left hand)
Scrolls
 c - a scroll of random uselessness {unknown}
 d - a scroll of blinking {unknown}
 e - a scroll of identify {unknown}
 g - a scroll of magic mapping {unknown}
Potions
 f - a potion of curing {unknown}


   Skills:
 + Level 2.0 Dodging
 + Level 2.3 Stealth
 + Level 0.4 Unarmed Combat
 + Level 2.3 Spellcasting
 + Level 1.3 Conjurations
 + Level 3.5 Fire Magic


You had 5 spell levels left.
You knew the following spells:

 Your Spells              Type           Power      Damage    Failure   Level
a - Foxfire               Conj/Fire      36%        2x1d5     3%          1

Your spell library contained the following spells:

 Spells                   Type           Power      Damage    Failure   Level
 Conjure Flame            Conj/Fire      9%         6-21      9%          3
 Inner Flame              Hex/Fire       7%         N/A       12%         3
 Sticky Flame             Conj/Fire      9%         2d3       28%         4
 Fireball                 Conj/Fire      4%         3d4       61%         5


Dungeon Overview and Level Annotations

Branches:
Dungeon (2/15)

Altars:

Shops:
D:1 !


Innate Abilities, Weirdness & Mutations

Your stone body is resilient. (AC +3)
You are immune to poison.
You resist negative energy. (rN+)
You are resistant to electric shocks. (rElec)
You are resistant to unholy torment.
You can survive without breathing.
You are immune to petrification.


Message History

The ball python constricts you. The ball python bites you.
You conjure some foxfire!
The jackal barks!
The foxfire hits the bat.
You kill the bat!
The ball python barely misses you. The ball python constricts you.
The ball python bites you but does no damage.
Unknown command.
You escape the ball python's grasp.
The foxfire hits the ball python.
You kill the ball python!
The ball python bites you but does no damage.
The ball python grabs you.
You stop ascending the stairs.
The ball python constricts you. The hobgoblin barely misses you.
The goblin hits you but does no damage.
You escape the ball python's grasp.
The adder barely misses you. The ball python barely misses you.
The ball python grabs you.
You stop ascending the stairs.
The ball python constricts you. The hobgoblin closely misses you.
The goblin barely misses you.
Unknown command.
You conjure some foxfire!
The adder bites you but does no damage. The ball python barely misses you.
The ball python constricts you. The adder bites you.
The hobgoblin closely misses you. The goblin closely misses you.
You conjure some foxfire!
The foxfire hits the hobgoblin but does no damage.
The foxfire hits the hobgoblin.
The hobgoblin is heavily wounded.
The ball python bites you but does no damage.
The ball python constricts you. The adder bites you. The hobgoblin hits you.
* * * LOW HITPOINT WARNING * * *
The goblin misses you.
The ball python's grasp on you weakens, but your attempt to escape fails.
The foxfire hits the adder.
The adder is moderately wounded.
The adder bites you.
* * * LOW HITPOINT WARNING * * *
The ball python barely misses you.
* * * LOW HITPOINT WARNING * * *
The ball python constricts you. The hobgoblin hits you.
You die...

... .# #.# .#
#.# ..#
..##..###
##........
.hh...#
####gg...###
#...@Sh..[..
#....#§.S..####
#.. #..r..# #
#......)
####..#$# ..# #
#.. ##.


You could see an adder, a quokka, 3 jackals, a hobgoblin, a goblin and a ball
python.

Vanquished Creatures
  A dart slug (D:1)
  3 giant cockroaches (D:1)
  4 goblins (D:1)
  2 hobgoblins (D:1)
  2 oozes (D:1)
  4 ball pythons
  4 bats
  3 frilled lizards (D:1)
  4 kobolds (D:1)
  2 rats (D:1)
29 creatures vanquished.

Vanquished Creatures (others)
  115 foxfires
115 creatures vanquished.

Grand Total: 144 creatures vanquished

Notes
Turn   | Place    | Note
-------+----------+-------------------------------------------
     0 | D:1      | Darkuwa the Gargoyle Fire Elementalist began the quest for
                  | the Orb.
     0 | D:1      | Reached XP level 1. HP: 10/10 MP: 3/3
    19 | D:1      | Noticed a swamp worm
    19 | D:1      | Noticed a black bear
    19 | D:1      | Noticed a redback
    20 | D:1      | Noticed a black mamba
    20 | D:1      | Noticed a four-headed hydra
   341 | D:1      | Found Loibuanu's Distillery.
   346 | D:1      | Reached XP level 2. HP: 11/15 MP: 0/5
  1123 | D:1      | Reached XP level 3. HP: 19/19 MP: 4/6
  1613 | D:2      | Slain by a hobgoblin

Illustrated notes

Levels and vault maps discovered:
D:1:      onia_arrival_zoo_common, layout_basic, serial_shops, shop
D:2:      layout_loops_ring, wad_floor_pattern_untrapped, minmay_split_cup_small

Skill      XL: |  1  2  3 |
---------------+----------+-----
Dodging        | 2 |  2.0
Stealth        | |  2.3
Unarmed Combat | |  0.4
Spellcasting   | |  2.3
Conjurations   | |  1.3
Fire Magic     | |  3.5

Action                   || total
-------------------------++-------
Melee: Unarmed           ||    50
 Cast: Foxfire           ||    78
Armor: Robe              ||    27
Dodge: Dodged            ||    55

Table legend: (Time is in decaauts)
 A = Elapsed time spent in this place.
 B = Non-inter-level travel time spent in this place.
 C = Inter-level travel time spent in this place.
 D = Time resting spent in this place.
 E = Time spent auto-exploring this place.
 F = Levels seen in this place.
 G = Mean time per level.
                   A        B        C        D        E       F      G
               +--------+--------+--------+--------+--------+-----+--------+
         Total |   1611 |   1550 |     61 |    181 |   1128 |   2 |  805.5 |
       Dungeon |   1611 |   1550 |     61 |    181 |   1128 |   2 |  805.5 |
               +--------+--------+--------+--------+--------+-----+--------+

Top non-repeatable levels by time:
     D:1: 1602 daAuts
     D:2: 8 daAuts
